[Event "Titled Tuesday Blitz May 30 Late 2023"]
[White "Naroditsky, Daniel"]
[Black "Kirillov, Dmitry"]
[WhiteFideId "2026961"]
[BlackFideId "34180572"]
[WhiteElo "2633"]
[BlackElo "2161"]
[Result "1-0"]
[Round "01"]
[TimeControl "180+2"]
[Date "2023.05.31"]
[WhiteClock "0:00:44"]
[BlackClock "0:00:00"]

1. e4 c5 2. c3 Nf6 3. e5 Nd5 4. Nf3 d6 5. Bc4 e6 6. d4 cxd4 7. cxd4 Be7 8. O-O O-O 9. Qe2 b6 10. Rd1 Bb7 11. Bxd5 exd5 12. Nc3 Re8 13. Bf4 Bf8 14. Qc2 Na6 15. Re1 Qd7 16. a3 Rac8 17. Re3 Nc7 18. Rae1 Ne6 19. Bg3 h6 20. Qf5 Rcd8 21. exd6 Bxd6 22. Bxd6 Qxd6 23. Ne5 Qf8 24. Qg4 Bc8 25. h3 Ng5 26. Qg3 Ne6 27. Qh4 Qe7 28. Qxe7 Rxe7 29. Nc6 Red7 30. Nxd8 Rxd8 31. Rd1 Bb7 32. h4 Kf8 33. g3 Ke7 34. Ne2 Kf6 35. Rc1 a6 36. f3 a5 37. Kf2 Rd6 38. Rd1 Ba6 39. Nc3 Bc4 40. a4 Rc6 41. g4 g5 42. hxg5+ hxg5 43. Kg3 Nf4 44. Re5 Kg6 45. Re8 f6 46. Rde1 Nd3 47. R1e7 Nf4 48. Rg8+ Kh6 49. Rh8+ Kg6 50. Rhh7 f5 51. Reg7+ Kf6 52. Rh6+ Kxg7 53. Rxc6 fxg4 54. fxg4 1-0


[Site "https://www.chess.com"]

[Event "Titled Tuesday Blitz May 30 Late 2023"]
[White "Uzcategui Rodriguez, Alejandro"]
[Black "Vachier-Lagrave, Maxime"]
[WhiteFideId "3903400"]
[BlackFideId "623539"]
[WhiteElo "2252"]
[BlackElo "2723"]
[Result "0-1"]
[Round "01"]
[TimeControl "180+2"]
[Date "2023.05.31"]
[WhiteClock "0:00:00"]
[BlackClock "0:00:38"]

1. d4 Nf6 2. Nf3 g6 3. Bg5 Bg7 4. Nbd2 O-O 5. e3 c5 6. c3 Qb6 7. Qb3 d6 8. Be2 Be6 9. Qxb6 axb6 10. a3 Nc6 11. O-O Rfc8 12. Rfe1 h6 13. Bh4 g5 14. Bg3 Nh5 15. Nc4 Nxg3 16. hxg3 Ra6 17. Ncd2 Ra7 18. Nc4 cxd4 19. exd4 Bxc4 20. Bxc4 e6 21. d5 Ne7 22. Ba2 e5 23. Nd2 b5 24. Ne4 Ra6 25. Rad1 f5 26. Nd2 g4 27. Nf1 h5 28. Ne3 Bh6 29. Bb1 Bxe3 30. Rxe3 Kf7 31. f3 Kf6 32. fxg4 hxg4 33. Rf1 Rc5 34. Re2 Ra4 35. Ref2 e4 36. Bc2 Rxd5 37. Bxa4 bxa4 38. Re2 b5 39. Rxe4 Ng6 40. Rd4 Rxd4 41. cxd4 Ke6 42. Kf2 Ne7 43. Ke3 Nd5+ 44. Kd3 Nf6 45. Rh1 Ne4 46. Re1 Kd5 47. Re3 Nf2+ 48. Ke2 Ne4 49. Kd3 Kc6 50. Rxe4 fxe4+ 51. Kxe4 b4 52. Kf5 bxa3 53. bxa3 Kd5 54. Kxg4 Kxd4 55. Kf3 d5 56. g4 Kc3 57. g5 d4 58. g6 d3 59. g7 d2 60. g8=Q d1=Q+ 61. Kf2 Qd4+ 62. Kf1 Kb2 63. Qf8 Qc3 64. g4 Qh3+ 0-1


[Site "https://www.chess.com"]

[Event "Titled Tuesday Blitz May 30 Late 2023"]
[White "Bluebaum, Matthias"]
[Black "Rengifo Blancas, Renzo Jhonathan"]
[WhiteFideId "24651516"]
[BlackFideId "3807185"]
[WhiteElo "2639"]
[BlackElo "2085"]
[Result "1-0"]
[Round "01"]
[TimeControl "180+2"]
[Date "2023.05.31"]
[WhiteClock "0:01:01"]
[BlackClock "0:00:03"]

1. d4 d5 2. c4 c6 3. Nf3 Nf6 4. Nc3 dxc4 5. e4 b5 6. Qc2 g6 7. a4 b4 8. Ne2 c3 9. bxc3 bxc3 10. Nxc3 Bg7 11. e5 Nd5 12. Nxd5 cxd5 13. Bb5+ Bd7 14. O-O O-O 15. Bg5 h6 16. Bh4 a6 17. Bxd7 Nxd7 18. e6 Rc8 19. exf7+ Kxf7 20. Qd3 g5 21. Bxg5 hxg5 22. Nxg5+ Kf6 23. f4 e6 24. Rae1 Re8 25. f5 e5 26. Ne6 Qe7 27. Qg3 Qf7 28. Qg5# 1-0


[Site "https://www.chess.com"]

[Event "Titled Tuesday Blitz May 30 Late 2023"]
[White "Maurizzi, Marc`Andria"]
[Black "Sarana, Alexey"]
[WhiteFideId "36083534"]
[BlackFideId "24133795"]
[WhiteElo "2421"]
[BlackElo "2714"]
[Result "1-0"]
[Round "01"]
[TimeControl "180+2"]
[Date "2023.05.31"]
[WhiteClock "0:00:36"]
[BlackClock "0:00:06"]

1. e4 c5 2. Nf3 d6 3. d4 cxd4 4. Nxd4 Nf6 5. Nc3 a6 6. g3 e6 7. Bg2 Be7 8. O-O O-O 9. Be3 Nc6 10. Nb3 Bd7 11. f4 Na5 12. Qe2 Rc8 13. Rad1 Nc4 14. Bc1 b5 15. Qd3 Qb6+ 16. Kh1 Rfd8 17. h3 Bc6 18. g4 b4 19. Ne2 Bb5 20. Qf3 e5 21. g5 Ne8 22. f5 Bf8 23. f6 g6 24. h4 Nxb2 25. Bxb2 Rxc2 26. Rd2 Rdc8 27. Rfd1 Rxd2 28. Rxd2 a5 29. Qh3 Qc7 30. h5 a4 31. hxg6 hxg6 32. Nbc1 Bd7 33. Qh4 a3 34. Ba1 Be6 35. Bh3 Qd7 36. Bxe6 Qxe6 37. Nb3 d5 38. Ng3 Ng7 39. Rh2 Nh5 40. Nxh5 Bh6 41. Ng3 1-0


[Site "https://www.chess.com"]

[Event "Titled Tuesday Blitz May 30 Late 2023"]
[White "Duda, Jan-Krzysztof"]
[Black "Prem, Pranav"]
[WhiteFideId "1170546"]
[BlackFideId "30901057"]
[WhiteElo "2790"]
[BlackElo "1970"]
[Result "1-0"]
[Round "01"]
[TimeControl "180+2"]
[Date "2023.05.31"]
[WhiteClock "0:01:06"]
[BlackClock "0:00:07"]

1. d4 d5 2. Bf4 Nf6 3. e3 e6 4. Nf3 c5 5. c3 Nc6 6. Nbd2 Bd6 7. Bg3 O-O 8. Bd3 b6 9. Qe2 Bb7 10. e4 Be7 11. e5 Nh5 12. h4 Nxg3 13. fxg3 h6 14. O-O Rc8 15. Rf2 Qd7 16. Raf1 cxd4 17. Nxd4 Bc5 18. N2f3 f5 19. exf6 Rxf6 20. Bb5 Qd6 21. Bxc6 Bxc6 22. Ne5 Rxf2 23. Rxf2 Ba4 24. b3 Be8 25. g4 Qe7 26. g3 Bd6 27. Rf3 a5 28. a4 Bc5 29. Kg2 Qd6 30. Qe3 Qe7 31. Kh3 Kh7 32. Rf4 Bd6 33. Ndf3 Bc5 34. Qd3+ Kg8 35. g5 Bh5 36. gxh6 gxh6 37. Ng4 Bxg4+ 38. Rxg4+ Kh8 39. Ne5 Rg8 40. Ng6+ Rxg6 41. Qxg6 Qf8 42. Rf4 Qg7 43. Qxe6 Qf7 44. Rxf7 1-0


[Site "https://www.chess.com"]

[Event "Titled Tuesday Blitz May 30 Late 2023"]
[White "Garakov, Mikhael"]
[Black "Bortnyk, Olexandr"]
[WhiteFideId "4169034"]
[BlackFideId "14120828"]
[WhiteElo "2347"]
[BlackElo "2734"]
[Result "1-0"]
[Round "01"]
[TimeControl "180+2"]
[Date "2023.05.31"]
[WhiteClock "0:00:07"]
[BlackClock "0:00:00"]

1. e4 Nf6 2. e5 Nd5 3. d4 d6 4. Nf3 dxe5 5. Nxe5 c6 6. Bc4 Nd7 7. Nf3 N7f6 8. h3 Bf5 9. O-O e6 10. Re1 Bd6 11. Bb3 O-O 12. c4 Nb4 13. Nh4 Bxb1 14. Rxb1 a5 15. a3 Na6 16. Bc2 b5 17. b3 Be7 18. Nf3 Qc7 19. Qd3 Rfd8 20. Bg5 Nc5 21. Qe3 Ncd7 22. a4 h6 23. Bf4 Bd6 24. Ne5 bxa4 25. bxa4 c5 26. Nxf7 Bxf4 27. Qxe6 Nf8 28. Nxh6+ Kh8 29. Nf7+ Kg8 30. Nh6+ Kh8 31. Nf7+ Qxf7 32. Qxf7 cxd4 33. Rb5 d3 34. Bd1 Bh6 35. Re7 Re8 36. c5 Rxe7 37. Qxe7 Re8 38. Qxe8 Nxe8 39. Rb8 Nc7 40. Rxf8+ Kh7 41. Rd8 Ne6 42. Rd5 Nf4 43. Rd6 Bg5 44. c6 Be7 45. Rd7 Bc5 46. c7 Ne2+ 47. Kf1 Nc3 48. c8=Q Ne4 49. Rxd3 Bxf2 50. Qf5+ g6 51. Qxe4 Bd4 52. Rxd4 Kh8 53. Rd7 1-0


[Site "https://www.chess.com"]

[Event "Titled Tuesday Blitz May 30 Late 2023"]
[White "Kramnik, Vladimir"]
[Black "Bringas Gomez, Artai"]
[WhiteFideId "4101588"]
[BlackFideId "24534064"]
[WhiteElo "2703"]
[BlackElo "2179"]
[Result "1-0"]
[Round "01"]
[TimeControl "180+2"]
[Date "2023.05.31"]
[WhiteClock "0:00:09"]
[BlackClock "0:00:05"]

1. e4 c6 2. d4 d5 3. Nd2 dxe4 4. Nxe4 Nd7 5. Bc4 Ngf6 6. Nxf6+ Nxf6 7. c3 Nd5 8. Nf3 Nb6 9. Bb3 Bf5 10. g4 Bg6 11. h4 e6 12. Qe2 h5 13. Ne5 Nd5 14. Nxg6 fxg6 15. Qxe6+ Qe7 16. Qxe7+ Bxe7 17. g5 O-O 18. Be3 Kh7 19. Ke2 Bd6 20. Rae1 Rae8 21. Kd3 Rf5 22. a4 a5 23. Bxd5 cxd5 24. b3 Kg8 25. c4 dxc4+ 26. bxc4 Bb4 27. Re2 Rf7 28. c5 Rd7 29. Kc4 Re4 30. Rb2 Kf7 31. Rb3 Rc7 32. Kb5 Rce7 33. d5 R4e5 34. Rd3 Rd7 35. Rhd1 Ke8 36. Kb6 Kd8 37. c6 bxc6 38. dxc6 Rxd3 39. Rxd3+ Kc8 40. Rd7 Be7 41. Ra7 Bc5+ 42. Bxc5 Re8 43. Ra8# 1-0


[Site "https://www.chess.com"]

[Event "Titled Tuesday Blitz May 30 Late 2023"]
[White "D`Arruda, Ricardo D."]
[Black "Moussard, Jules"]
[WhiteFideId "100692"]
[BlackFideId "642908"]
[WhiteElo "2509"]
[BlackElo "2610"]
[Result "0-1"]
[Round "01"]
[TimeControl "180+2"]
[Date "2023.05.31"]
[WhiteClock "0:00:00"]
[BlackClock "0:00:05"]

1. d4 d6 2. e4 g6 3. Nc3 Bg7 4. Nf3 a6 5. Bg5 b5 6. Qd2 Bb7 7. O-O-O Nd7 8. e5 dxe5 9. dxe5 Bxf3 10. gxf3 Bxe5 11. Bh3 Nb6 12. Qe2 Bd6 13. Rhe1 Kf8 14. Ne4 h6 15. Be3 Nf6 16. Bd4 Kg7 17. Nxd6 exd6 18. Qd2 c5 19. Bc3 b4 20. Bxf6+ Qxf6 21. Qxd6 Rhd8 22. Qxf6+ Kxf6 23. Rxd8 Rxd8 24. Bf1 a5 25. b3 Rd4 26. Re3 Nd5 27. Re8 Nc3 28. Bd3 Rf4 29. Rc8 Rxf3 30. Rxc5 Nxa2+ 31. Kd1 Rxf2 32. Rxa5 Nc3+ 33. Ke1 Rxh2 34. Ra7 h5 35. Bc4 Rxc2 36. Rxf7+ Kg5 37. Rb7 h4 38. Rxb4 h3 39. Ba6 h2 40. Bb7 Rc1+ 41. Kd2 Na2 42. Ra4 Rc7 43. Bh1 Nc3 44. Ra5+ Kh4 45. b4 g5 46. Rc5 Rxc5 47. bxc5 Nb5 48. Kd3 Kg3 49. Kc4 Nc7 50. c6 Kf2 51. Kc5 g4 52. Kd6 Na6 53. Ke5 g3 54. Kf4 g2 0-1


[Site "https://www.chess.com"]

[Event "Titled Tuesday Blitz May 30 Late 2023"]
[White "Paravyan, David"]
[Black "Dragomirescu, Robin-Alexandru"]
[WhiteFideId "4194985"]
[BlackFideId "1213849"]
[WhiteElo "2563"]
[BlackElo "2356"]
[Result "1-0"]
[Round "01"]
[TimeControl "180+2"]
[Date "2023.05.31"]
[WhiteClock "0:00:06"]
[BlackClock "0:00:04"]

1. c4 e5 2. Nc3 Bb4 3. Nd5 Be7 4. d4 d6 5. Nf3 c6 6. Nxe7 Qxe7 7. e3 Bg4 8. Be2 e4 9. Nd2 Bxe2 10. Qxe2 Nf6 11. b3 d5 12. a4 Na6 13. Ba3 Nb4 14. O-O a5 15. cxd5 Nfxd5 16. Qg4 O-O 17. Qxe4 Qg5 18. Qf3 Rfe8 19. Bxb4 axb4 20. Rac1 Re6 21. Ne4 Qh4 22. Nc5 Rh6 23. Qg3 Qe7 24. Nd3 Qe4 25. Ne5 f6 26. Qg4 Qxg4 27. Nxg4 Rg6 28. h3 Nc3 29. Rc2 b5 30. axb5 cxb5 31. Nh2 Ra3 32. Rb2 f5 33. Nf3 Rga6 34. Ne5 Ra2 35. Rxa2 Rxa2 36. Nd3 Ra3 37. Nc5 Kf7 38. g4 fxg4 39. hxg4 Ra2 40. Kg2 Rb2 41. Kf3 h6 42. Ra1 Na2 43. Nd3 Rd2 44. Ne5+ Ke6 45. Kg3 g5 46. Rh1 Kd5 47. Rxh6 Nc1 48. Nf7 Nxb3 49. Rd6+ Kc4 50. Ne5+ Kc3 51. Rc6+ Kb2 52. Rb6 Nc1 53. Rxb5 Kb3 54. Nc6 Na2 55. f4 gxf4+ 56. Kxf4 Kc4 57. Rb8 b3 58. Na5+ Kd3 59. Rxb3+ Nc3 60. Nc6 Kc2 61. Rb8 Rf2+ 62. Ke5 Rg2 63. Nb4+ Kd2 64. Nd5 Rxg4 65. Nxc3 Kxc3 66. e4 Rg5+ 67. Kf4 Rg1 68. d5 Kd4 69. Rb4+ Kc5 70. Rb2 Rf1+ 71. Ke5 Rh1 72. Rc2+ Kb6 73. Rc6+ Kb7 74. Rc4 Rh6 75. Kd4 1-0


[Site "https://www.chess.com"]

[Event "Titled Tuesday Blitz May 30 Late 2023"]
[White "Senft, Sean"]
[Black "Lazavik, Denis"]
[WhiteFideId "2044960"]
[BlackFideId "13515110"]
[WhiteElo "1989"]
[BlackElo "2560"]
[Result "0-1"]
[Round "01"]
[TimeControl "180+2"]
[Date "2023.05.31"]
[WhiteClock "0:00:00"]
[BlackClock "0:01:49"]

1. d4 Nf6 2. c4 e6 3. Nc3 Bb4 4. Nf3 b6 5. Bg5 Bb7 6. e3 h6 7. Bh4 g5 8. Bg3 Ne4 9. Qc2 Bxc3+ 10. bxc3 d6 11. Bd3 f5 12. d5 Nd7 13. dxe6 Ndc5 14. Nd4 Qf6 15. f3 Nxd3+ 16. Qxd3 Nc5 17. Qxf5 Qxf5 18. Nxf5 Nxe6 19. h4 Kf7 20. hxg5 hxg5 21. Kf2 Ba6 22. e4 Nc5 23. Ke3 Na4 24. Kd4 Nb2 25. f4 gxf4 26. Bxf4 Nxc4 27. g4 Ke6 28. Ng7+ Kd7 29. Rhe1 Rh3 30. e5 dxe5+ 31. Bxe5 c5+ 32. Ke4 Rg8 33. Rad1+ Kc6 34. Kf5 Nxe5 35. Kxe5 Rxg7 36. Rd6+ Kc7 0-1


[Site "https://www.chess.com"]

[Event "Titled Tuesday Blitz May 30 Late 2023"]
[White "Pranav, V"]
[Black "Baches Garcia, Guillermo"]
[WhiteFideId "25060783"]
[BlackFideId "2209764"]
[WhiteElo "2515"]
[BlackElo "2506"]
[Result "1-0"]
[Round "01"]
[TimeControl "180+2"]
[Date "2023.05.31"]
[WhiteClock "0:01:29"]
[BlackClock "0:00:00"]

1. e4 d5 2. exd5 Qxd5 3. Nc3 Qa5 4. d4 Nf6 5. Nf3 Bf5 6. Bc4 e6 7. Bd2 Bb4 8. O-O Nc6 9. a3 Bxc3 10. Bxc3 Qb6 11. Re1 O-O-O 12. h3 Be4 13. Nd2 Bg6 14. Nb3 e5 15. a4 Nxd4 16. Bxd4 exd4 17. a5 Qc6 18. Bd3 Bxd3 19. Qxd3 Qd5 20. Ra4 Rhe8 21. Rd1 Qe4 22. a6 Qxd3 23. axb7+ Kxb7 24. cxd3 Re2 25. Na5+ Kc8 26. Nc4 Kb7 27. Rda1 Rde8 28. Rxa7+ Kc6 29. Kf1 R2e7 30. Rc1 Kd5 31. Ra5+ Ke6 32. Rc5 Nd5 33. Re1+ 1-0


[Site "https://www.chess.com"]

[Event "Titled Tuesday Blitz May 30 Late 2023"]
[White "Liu, Casper"]
[Black "Bok, Benjamin"]
[WhiteFideId "1454153"]
[BlackFideId "1017063"]
[WhiteElo "2221"]
[BlackElo "2657"]
[Result "0-1"]
[Round "01"]
[TimeControl "180+2"]
[Date "2023.05.31"]
[WhiteClock "0:01:45"]
[BlackClock "0:01:38"]

1. d4 Nf6 2. Bf4 c5 3. e3 e6 4. c3 d5 5. Nf3 Bd6 6. Bg3 O-O 7. Nbd2 Qc7 8. Bd3 Nbd7 9. e4 cxd4 10. cxd4 dxe4 11. Rc1 Qb6 12. Nxe4 Nxe4 13. Bxe4 Nf6 14. Bxd6 Qxd6 15. Bb1 b6 16. O-O Bb7 17. Qd3 Bxf3 18. Qxf3 Qxd4 19. Rc3 Rad8 20. Qg3 g6 21. a3 Kg7 22. Rc7 Rd7 23. Rfc1 Qd1+ 0-1


[Site "https://www.chess.com"]

[Event "Titled Tuesday Blitz May 30 Late 2023"]
[White "Sjugirov, Sanan"]
[Black "Remolar Gallen, Jose"]
[WhiteFideId "4189302"]
[BlackFideId "2215187"]
[WhiteElo "2569"]
[BlackElo "2223"]
[Result "1-0"]
[Round "01"]
[TimeControl "180+2"]
[Date "2023.05.31"]
[WhiteClock "0:01:22"]
[BlackClock "0:00:17"]

1. e4 c5 2. Nf3 d6 3. d4 cxd4 4. Nxd4 Nf6 5. Nc3 a6 6. Be3 e5 7. Nf3 Be7 8. Bc4 O-O 9. O-O Nc6 10. Qe2 Be6 11. Bb3 h6 12. Rfd1 Qc7 13. Nh4 Rfd8 14. Nf5 Bf8 15. Qf3 Bxf5 16. Qxf5 Qe7 17. Nd5 Nxd5 18. Bxd5 Rac8 19. c3 Qe8 20. Qg4 Kh8 21. Rd3 Ne7 22. Bb3 b5 23. Rad1 Ng6 24. h4 a5 25. a3 Qd7 26. Qg3 b4 27. cxb4 axb4 28. a4 Be7 29. h5 Nf4 30. Bxf4 exf4 31. Qxf4 Bg5 32. Qxf7 Qg4 33. Be6 Rf8 34. Bxg4 1-0


[Site "https://www.chess.com"]

[Event "Titled Tuesday Blitz May 30 Late 2023"]
[White "Kubicka, Anna"]
[Black "Deac, Bogdan-Daniel"]
[WhiteFideId "1152254"]
[BlackFideId "1226380"]
[WhiteElo "2144"]
[BlackElo "2649"]
[Result "0-1"]
[Round "01"]
[TimeControl "180+2"]
[Date "2023.05.31"]
[WhiteClock "0:00:01"]
[BlackClock "0:00:08"]

1. e4 g6 2. d4 Bg7 3. Be3 c5 4. Nf3 cxd4 5. Bxd4 Bxd4 6. Qxd4 Nf6 7. e5 Nc6 8. Qc3 Nd5 9. Qd2 Qa5 10. Bc4 Qxd2+ 11. Nbxd2 Nf4 12. g3 Ne6 13. O-O b6 14. c3 Bb7 15. Bd5 Nc7 16. Be4 O-O-O 17. Rfe1 h6 18. Nb3 Kb8 19. a4 a5 20. Nbd4 g5 21. Nxc6+ dxc6 22. Nd4 c5 23. Nc6+ Bxc6 24. Bxc6 Rd2 25. b4 cxb4 26. cxb4 axb4 27. a5 b5 28. Reb1 Rd4 29. Rb2 Ka7 30. Rc1 Rhd8 31. Bf3 Na6 32. Kg2 Rc4 33. Rcb1 Rc5 34. e6 f5 35. Re1 Rd6 36. h3 Rc4 37. Re5 Rc5 38. Rxc5 Nxc5 39. Rxb4 Ka6 40. Be2 Nd3 41. Rb3 Nc1 42. Bxb5+ Kxa5 43. Rb1 Na2 44. Bd7 Nb4 45. Ra1+ Kb6 46. Rb1 Kc5 47. Rc1+ Kd4 48. Rd1+ Kc5 49. Rc1+ Kd4 50. Rd1+ Nd3 51. Bb5 Kc3 52. Bxd3 Rxd3 53. Re1 Kd4 54. Ra1 Ke5 55. Ra6 Rd6 56. f4+ gxf4 57. gxf4+ Kxe6 58. Ra5 Kf6 59. Kg3 Rd3+ 60. Kh4 Rf3 61. Ra4 e6 62. Rb4 Re3 63. Rb8 Re4 64. Kg3 Re3+ 65. Kh4 Rd3 66. Rb4 Rf3 67. Ra4 Re3 68. Ra8 Re4 69. Kg3 Rd4 70. Rb8 h5 71. Ra8 h4+ 72. Kxh4 Rxf4+ 73. Kg3 Re4 74. h4 Re3+ 75. Kg2 Kg6 76. Rg8+ Kh5 77. Rh8+ Kg4 78. h5 Re4 79. h6 Kg5 80. h7 Kg6 81. Kf3 Kg7 82. Re8 Kxh7 83. Ra8 Kg6 84. Ra2 Kf6 85. Ra6 Rd4 86. Ke3 Rc4 87. Kd3 Re4 88. Ra8 Ke5 89. Ra5+ Kf4 90. Ra1 e5 91. Rf1+ Kg5 92. Rg1+ Rg4 93. Re1 Rg3+ 94. Ke2 e4 95. Kf2 Kf4 96. Rh1 e3+ 97. Ke2 Rg2+ 98. Kf1 Kf3 99. Rh3+ Rg3 100. Rh5 e2+ 0-1


[Site "https://www.chess.com"]

[Event "Titled Tuesday Blitz May 30 Late 2023"]
[White "Svane, Rasmus"]
[Black "Luo, Terry"]
[WhiteFideId "4657101"]
[BlackFideId "30931045"]
[WhiteElo "2601"]
[BlackElo "2265"]
[Result "1-0"]
[Round "01"]
[TimeControl "180+2"]
[Date "2023.05.31"]
[WhiteClock "0:02:41"]
[BlackClock "0:02:14"]

1. Nf3 Nf6 2. g3 g6 3. Bg2 Bg7 4. O-O O-O 5. d4 d6 6. Re1 c5 7. dxc5 dxc5 8. c3 Nc6 9. Qxd8 Rxd8 10. Be3 c4 11. Na3 Be6 12. Nd4 Nxd4 13. Bxd4 Bd5 14. Rad1 a6 15. Bxf6 Bxg2 16. Bxg7 1-0


[Site "https://www.chess.com"]

[Event "Titled Tuesday Blitz May 30 Late 2023"]
[White "Becerra, Juan David"]
[Black "Demidov, Mikhail"]
[WhiteFideId "4404998"]
[BlackFideId "4197143"]
[WhiteElo "2304"]
[BlackElo "2500"]
[Result "1-0"]
[Round "01"]
[TimeControl "180+2"]
[Date "2023.05.31"]
[WhiteClock "0:00:04"]
[BlackClock "0:00:36"]

1. e4 Nf6 2. e5 Nd5 3. c4 Nb6 4. d4 d6 5. exd6 cxd6 6. Nc3 g6 7. Be3 Bg7 8. Rc1 O-O 9. b3 Nc6 10. d5 Ne5 11. Be2 a5 12. a4 Nbd7 13. f4 Nxc4 14. Bxc4 Nf6 15. h3 Nh5 16. Nge2 Nf6 17. O-O Bd7 18. Nd4 Nh5 19. Qf3 Rc8 20. Ncb5 Nf6 21. g4 Rc5 22. Ne2 Rc8 23. Ng3 Be8 24. h4 Nd7 25. h5 Nc5 26. hxg6 hxg6 27. Kg2 Bxb5 28. axb5 a4 29. Bxc5 Rxc5 30. Ne4 Rc8 31. Rh1 axb3 32. Qh3 Re8 33. Qxb3 Qa5 34. Ng5 Rc5 35. Rc2 Rec8 36. Rhc1 Ra8 37. Ne4 Rcc8 38. f5 gxf5 39. gxf5 Kf8 40. f6 exf6 41. Ng3 Bh6 42. Rh1 Bg7 43. Nf5 Qa3 44. Qxa3 Rxa3 45. Rhc1 Rd8 46. b6 Ra5 47. Bb3 Rb5 48. Rc8 Ke8 49. Ba4 Rxc8 50. Rxc8+ Kd7 51. Rc7+ Kd8 52. Bxb5 Bf8 53. Rd7+ Kc8 54. Rxf7 1-0


[Site "https://www.chess.com"]

[Event "Titled Tuesday Blitz May 30 Late 2023"]
[White "Kevlishvili, Robby"]
[Black "Toncheva, Nadya"]
[WhiteFideId "1040634"]
[BlackFideId "2924056"]
[WhiteElo "2572"]
[BlackElo "2101"]
[Result "1-0"]
[Round "01"]
[TimeControl "180+2"]
[Date "2023.05.31"]
[WhiteClock "0:01:12"]
[BlackClock "0:00:11"]

1. e4 c5 2. Nf3 Nc6 3. d4 cxd4 4. Nxd4 e6 5. Nc3 Qc7 6. f4 a6 7. Nxc6 bxc6 8. Bd3 d5 9. O-O Nf6 10. Qe2 Be7 11. Bd2 O-O 12. Rae1 Bb7 13. e5 Nd7 14. f5 exf5 15. e6 Bc5+ 16. Kh1 fxe6 17. Qxe6+ Kh8 18. Rxf5 Nf6 19. Na4 Rfe8 20. Nxc5 Rxe6 21. Nxe6 Qf7 22. Ng5 Qd7 23. Rfe5 h6 24. Re7 Qg4 25. Nf7+ Kg8 26. Rxb7 Re8 27. Rf1 Qh4 28. Nd6 Rf8 29. h3 Rd8 30. Rxg7+ Kh8 31. Rg6 Rxd6 32. Rxh6+ 1-0


[Site "https://www.chess.com"]

[Event "Titled Tuesday Blitz May 30 Late 2023"]
[White "Janaszak, Dawid"]
[Black "Babazada, Khazar"]
[WhiteFideId "1119206"]
[BlackFideId "13413554"]
[WhiteElo "2220"]
[BlackElo "2351"]
[Result "0-1"]
[Round "01"]
[TimeControl "180+2"]
[Date "2023.05.31"]
[WhiteClock "0:00:04"]
[BlackClock "0:01:32"]

1. e4 c5 2. Nc3 e6 3. g3 Nc6 4. Bg2 g6 5. Nge2 Bg7 6. O-O Nge7 7. d3 O-O 8. Be3 Nd4 9. Qd2 d5 10. exd5 exd5 11. Nd1 Nef5 12. Bf4 Re8 13. Nxd4 Nxd4 14. Be3 Bg4 15. f3 Be6 16. c3 Nf5 17. Bxc5 d4 18. c4 Rc8 19. Ba3 Ne3 20. Nxe3 dxe3 21. Qe2 b5 22. cxb5 Bd4 23. Rac1 Qa5 24. Kh1 Bxa2 25. f4 Rxc1 26. Rxc1 Qd2 27. Re1 Rc8 28. Bf3 Be6 29. Qf1 Rc2 30. Be2 Bg4 31. b6 Bxe2 32. b7 Bf3+ 0-1


[Site "https://www.chess.com"]

[Event "Titled Tuesday Blitz May 30 Late 2023"]
[White "Henriquez Villagra, Cristobal"]
[Black "The_Sherman_Variation"]
[WhiteFideId "3409350"]
[WhiteElo "2542"]
[BlackElo "2497"]
[Result "1-0"]
[Round "01"]
[TimeControl "180+2"]
[Date "2023.05.31"]
[WhiteClock "0:02:10"]
[BlackClock "0:01:14"]

1. e4 b6 2. d4 Bb7 3. Bd3 g6 4. c4 Bg7 5. Ne2 d6 6. Nbc3 Nd7 7. O-O Ngf6 8. Bc2 e5 9. d5 a5 10. f4 exf4 11. Bxf4 O-O 12. Qd2 Re8 13. Nd4 Qe7 14. Rae1 Nh5 15. Be3 Ne5 16. Qe2 Rf8 17. Ba4 Bc8 18. Nc6 Nxc6 19. Bxc6 Rb8 20. Qd2 Be5 21. Bg5 f6 22. Bh6 Rf7 23. Nb5 f5 24. Bg5 Qf8 25. exf5 Bxf5 26. Rxe5 dxe5 27. d6 cxd6 28. Bd5 Rd8 29. Bxf7+ Kxf7 30. g4 Rd7 31. gxf5 1-0


[Site "https://www.chess.com"]

[Event "Titled Tuesday Blitz May 30 Late 2023"]
[White "Ljukin, Sergei"]
[Black "Rasulov, Vugar"]
[WhiteFideId "14102200"]
[BlackFideId "13402390"]
[WhiteElo "2312"]
[BlackElo "2509"]
[Result "0-1"]
[Round "01"]
[TimeControl "180+2"]
[Date "2023.05.31"]
[WhiteClock "0:00:03"]
[BlackClock "0:01:22"]

1. e4 e5 2. Nf3 Nc6 3. Bb5 a6 4. Ba4 Nf6 5. Qe2 b5 6. Bb3 Bc5 7. c3 O-O 8. d3 d6 9. Bg5 h6 10. Bh4 Bb6 11. Nbd2 Be6 12. Bd5 Bxd5 13. exd5 Nb8 14. Ne4 Nbd7 15. g4 g5 16. Nexg5 hxg5 17. Bxg5 Qe8 18. Nh4 Nxd5 19. Nf5 f6 20. Bh6 Nf4 21. Qf3 Qe6 22. Bxf8 Rxf8 23. h4 Nc5 24. Rd1 Kh7 25. O-O Qd5 26. Qxd5 Nxd5 27. d4 exd4 28. Rxd4 c6 29. Rdd1 Rg8 30. Nxd6 Rxg4+ 31. Kh1 Rxh4+ 32. Kg1 Nf4 33. Nf5 Rg4+ 34. Kh1 Ncd3 35. Ne3 Rh4+ 36. Kg1 Ne5 37. Rd6 Nf3# 0-1


[Site "https://www.chess.com"]

[Event "Titled Tuesday Blitz May 30 Late 2023"]
[White "Balla, Tamas-Kristof"]
[Black "Hakobyan, Aram"]
[WhiteFideId "1208497"]
[BlackFideId "13306677"]
[WhiteElo "2334"]
[BlackElo "2584"]
[Result "0-1"]
[Round "01"]
[TimeControl "180+2"]
[Date "2023.05.31"]
[WhiteClock "0:00:00"]
[BlackClock "0:00:10"]

1. e4 g6 2. d4 Bg7 3. Nc3 c5 4. Be3 cxd4 5. Bxd4 Nf6 6. e5 Nh5 7. Be2 Nf4 8. Bf3 Nc6 9. Qd2 Ne6 10. Bxc6 dxc6 11. Be3 Qxd2+ 12. Bxd2 Bxe5 13. Nf3 Bg7 14. O-O O-O 15. Rfe1 Re8 16. Rad1 b6 17. b3 Bb7 18. a4 c5 19. Ne4 Rad8 20. h3 Nd4 21. Nxd4 Rxd4 22. Ng3 Bc6 23. Be3 Rxd1 24. Rxd1 f5 25. Ne2 Kf7 26. Nc1 e5 27. Nd3 f4 28. Bc1 g5 29. Nb2 Be4 30. Nc4 Bf8 31. Rd7+ Kg6 32. Rxa7 Bxc2 33. Bb2 Bg7 34. Nxb6 Bxb3 35. Nd7 c4 36. Ra6+ Kf7 37. Nc5 Re7 38. Ne4 h6 39. Nd6+ Kg8 40. Ra8+ Kh7 41. Nf5 Rc7 42. Nxg7 c3 43. Bxc3 Rxc3 44. Nf5 e4 45. Ra6 e3 46. Rxh6+ Kg8 47. fxe3 fxe3 48. Rg6+ Kf7 49. Rxg5 Rc1+ 50. Kh2 e2 51. Nd6+ Ke6 52. Rg8 Kxd6 53. Re8 Be6 0-1


[Site "https://www.chess.com"]

[Event "Titled Tuesday Blitz May 30 Late 2023"]
[White "Makarian, Rudik"]
[Black "Karas, Marek"]
[WhiteFideId "44105681"]
[BlackFideId "14928558"]
[WhiteElo "2461"]
[BlackElo "2233"]
[Result "1-0"]
[Round "01"]
[TimeControl "180+2"]
[Date "2023.05.31"]
[WhiteClock "0:00:21"]
[BlackClock "0:00:13"]

1. d4 Nf6 2. c4 e6 3. Nf3 d5 4. Nc3 c5 5. cxd5 Nxd5 6. e4 Nxc3 7. bxc3 cxd4 8. cxd4 Bb4+ 9. Bd2 Bxd2+ 10. Qxd2 O-O 11. Bc4 Nd7 12. O-O b6 13. Rfe1 Bb7 14. Rad1 Nf6 15. d5 exd5 16. exd5 Qd6 17. Nh4 g6 18. Qg5 Kh8 19. h3 Rfe8 20. Rxe8+ Rxe8 21. Nf3 Ne4 22. Qc1 Qf6 23. Bb3 Rc8 24. Qe3 Nd6 25. Nd4 Re8 26. Qd3 Kg7 27. Nc6 a6 28. g3 Qf5 29. Qxf5 Nxf5 30. Kf1 Nd6 31. h4 h5 32. Rd2 Kf6 33. Rd3 Ne4 34. Rf3+ Kg7 35. Re3 Nd6 36. Rxe8 Nxe8 37. Ke2 Nd6 38. Ke3 Kf6 39. Kd4 Nb5+ 40. Ke4 Nd6+ 41. Kf4 Bxc6 42. dxc6 Ne8 43. f3 Nc7 44. g4 Ne6+ 45. Bxe6 Kxe6 46. gxh5 gxh5 47. Kg5 b5 48. Kxh5 a5 49. Kg4 b4 50. h5 a4 51. h6 b3 52. axb3 axb3 53. c7 Kd7 54. c8=Q+ 1-0


[Site "https://www.chess.com"]